 Dungeon Crawl Stone Soup version 0.25.1-2-g60ff931df9 (webtiles) character file.

Game seed: 6208220286231927043

3297 DerDa the Fighter (level 9, 0/85 HPs)
             Began as a Minotaur Berserker on Oct 10, 2020.
             Was an Elder of Trog.
             Slain by an orc warrior
             ... wielding a +0 hand axe
              (2 damage)
             ... on level 6 of the Dungeon.
             The game lasted 00:10:02 (6409 turns).

DerDa the Fighter (Minotaur Berserker)              Turns: 6409, Time: 00:10:03

Health: 0/85       AC:  9    Str: 26    XL:     9   Next: 70%
Magic:  8/8        EV: 14    Int:  4    God:    Trog [****..]
Gold:   481        SH:  0    Dex:  9    Spells: 8/8 levels left

rFire    . . .     SeeInvis .   t - +4 scimitar (curse)
rCold    . . .     Gourm    .   (no shield)
rNeg     . . .     Faith    .   n - +0 scale mail
rPois    .         Spirit   .   (helmet restricted)
rElec    .         Reflect  .   (no cloak)
rCorr    .         Harm     .   w - +0 pair of gloves
MR       .....                  (no boots)
Stlth    ..........             (no amulet)
HPRegen  0.24/turn              (no ring)
MPRegen  0.11/turn              (no ring)

@: no status effects
A: retaliatory headbutt, horns 2
a: Berserk, Trog's Hand, Brothers in Arms, Renounce Religion


You were on level 6 of the Dungeon.
You worshipped Trog.
Trog was greatly pleased with you.
You were not hungry.

You visited 1 branch of the dungeon, and saw 6 of its levels.
You also visited: Ossuary.

You collected 481 gold pieces.

Inventory:

Hand Weapons
 a - a +0 falchion
 t - a cursed +4 scimitar (weapon)
Missiles
 h - 163 stones (quivered)
 j - 79 bolts
 r - 4 silver boomerangs
 y - 31 poisoned darts
Armour
 b - a +0 animal skin
 n - a +0 scale mail (worn)
 w - a +0 pair of gloves (worn)
Jewellery
 F - an uncursed ring of resist corrosion {unknown}
Wands
 s - a wand of disintegration (12)
 v - a wand of acid (8)
 E - a wand of digging (4)
 J - a wand of iceblast (11)
Scrolls
 d - a scroll of immolation {unknown}
 g - a scroll of enchant weapon {unknown}
 i - 4 scrolls of teleportation
 k - 2 scrolls of amnesia {unknown}
 m - 4 scrolls of remove curse {unknown}
 p - a scroll of magic mapping
 q - 2 scrolls of random uselessness {unknown}
 u - 3 scrolls of blinking {unknown}
 A - 3 scrolls of identify {unknown}
 B - a scroll of fog {unknown}
 D - a scroll of silence {unknown}
 G - a scroll of brand weapon {unknown}
 H - a scroll of torment {unknown}
Potions
 e - a potion of resistance {unknown}
 f - a potion of heal wounds {unknown}
 l - 4 potions of lignification {unknown}
 o - 8 potions of curing {unknown}
 x - 2 potions of ambrosia {unknown}
 z - a potion of berserk rage {unknown}
 C - a potion of flight {unknown}
Comestibles
 c - 14 rations
 I - 2 chunks of flesh


   Skills:
 * Level 10.1 Fighting
 + Level 8.2 Long Blades
 + Level 6.9 Armour
 * Level 8.8 Dodging
 - Level 0.1 Stealth


You had 8 spell levels left.
You didn't know any spells.
Your spell library was empty.

Dungeon Overview and Level Annotations

Branches:
Dungeon (6/15)            Ossuary (visited)
 Temple: D:4-7

Altars:
Ashenzari
Cheibriados
Elyvilon
Hepliaklqana
Makhleb
Qazlal
Ru
Vehumet
Zin


Innate Abilities, Weirdness & Mutations

You reflexively headbutt those who attack you in melee.
You have a pair of horns on your head.


Message History

The orc warrior is severely wounded.
You hit the orc priest.
The orc priest is heavily wounded.
The orc priest closely misses you. You furiously retaliate!
You headbutt the orc priest, but do no damage.
The orc warrior hits you but does no damage.
You slash the orc priest!
You kill the orc priest!
Trog accepts your kill.
The orc warrior hits you with a +0 hand axe!
* * * LOW HITPOINT WARNING * * *
You hit the orc warrior but do no damage.
You headbutt the orc warrior, but do no damage.
The orc warrior is severely wounded.
The orc warrior hits you with a +0 hand axe!
* * * LOW HITPOINT WARNING * * *
You closely miss the orc warrior. Your headbutt misses the orc warrior.
The orc warrior is severely wounded.
The orc warrior hits you with a +0 hand axe.
You die...

##...............#.#######.#.####
########..#######.#######.......
............................^..
#####...###......#####........
#.#.# #......# #.##..(..
#####.#.# #......# #.##.....
#.....#.###......# #.###.###
##.###.......)o..# #.# #..## #.#
..###..@...# #.####.## #.# ..#
#..)...# #........ #####.# ..#
##.##### ######... ......# ..# ..
#... ..#######..# .#. ####...
...........##.#. #......
+##.######.## #. #...... .##.#
#.#..# #...... .##.# ##.#..#
#......


You could see an orc warrior.

Vanquished Creatures
  The ghost of Alannah the Poker, a novice MfGl (D:5)
  The ghost of sirjames the Charmwright, an amateur GnSk (D:3)
  A sky beast (D:6)
  A phantom (D:5)
  8 ogres
  A centaur (D:6)
  2 elf zombies
  A bullfrog (D:3)
  4 elf skeletons (D:4)
  2 scorpions (D:4)
  A wight (D:3)
  3 howler monkeys (D:4)
  3 crimson imps
  3 bullfrog zombies (D:5)
  2 bullfrog skeletons
  5 hounds
  2 orc wizards (D:5)
  An iguana (D:5)
  An orc priest (D:6)
  8 worker ants
  2 big kobold zombies (Ossuary)
  3 hound zombies
  2 hound skeletons
  4 mummies (Ossuary)
  A worker ant zombie (D:3)
  7 adders
  8 gnolls
  3 shadow imps
  An ooze (D:4)
  2 adder zombies
  3 adder skeletons
  2 worms
  2 dart slugs
  2 leopard geckos
  7 orcs
  5 giant cockroaches
  3 gnoll zombies (Ossuary)
  5 hobgoblins
  6 jackals
  2 quokkas (D:6)
  4 frilled lizards
  4 goblins
  A goblin zombie (Ossuary)
  9 kobolds
  2 kobold zombies (Ossuary)
  An orc zombie (D:4)
  A quokka skeleton (D:4)
  A quokka zombie (D:6)
  8 rats
152 creatures vanquished.

Notes
Turn   | Place    | Note
-------+----------+-------------------------------------------
     0 | D:1      | DerDa the Minotaur Berserker began the quest for the Orb.
     0 | D:1      | Reached XP level 1. HP: 19/19 MP: 0/0
   145 | D:1      | You fall into a shaft and drop 1 floor!
   165 | D:2      | Reached XP level 2. HP: 16/27 MP: 1/1
   317 | D:1      | Reached skill level 4 in Fighting
   468 | D:1      | Reached ** piety under Trog
   814 | D:2      | Reached XP level 3. HP: 33/33 MP: 2/2
  1488 | D:3      | Reached skill level 5 in Long Blades
  1571 | D:3      | Found a transporter.
  1575 | D:3      | Found a transporter.
  1788 | D:3      | Noticed a bullfrog
  1792 | D:3      | Killed a bullfrog
  1792 | D:3      | Reached XP level 4. HP: 41/41 MP: 3/3
  1810 | D:3      | Reached XP level 5. HP: 43/47 MP: 4/4
  1917 | D:3      | Noticed sirjames's ghost (amateur GnSk)
  2331 | D:3      | Reached skill level 5 in Fighting
  2340 | D:3      | Killed sirjames's ghost
  2340 | D:3      | Reached XP level 6. HP: 57/57 MP: 5/5
  2452 | D:4      | Reached skill level 6 in Fighting
  2484 | D:4      | Reached XP level 7. HP: 44/63 MP: 6/6
  2507 | D:4      | Reached skill level 5 in Dodging
  2533 | D:4      | Found a sand-covered staircase.
  2544 | Ossuary  | Entered an ossuary
  2561 | Ossuary  | Reached skill level 7 in Fighting
  2567 | Ossuary  | Reached *** piety under Trog
  2952 | D:4      | Reached XP level 8. HP: 68/73 MP: 7/7
  3033 | D:4      | Reached skill level 5 in Armour
  3087 | D:4      | Found a shattered altar of Ashenzari.
  3193 | D:4      | Found a glowing silver altar of Zin.
  3624 | D:4      | Reached skill level 8 in Fighting
  3943 | D:5      | Entered Level 5 of the Dungeon
  4109 | D:5      | Found a snail-covered altar of Cheibriados.
  4185 | D:5      | Reached **** piety under Trog
  4322 | D:5      | Found a radiant altar of Vehumet.
  4349 | D:5      | Noticed Alannah's ghost (novice MfGl)
  4351 | D:5      | Found a transporter.
  4372 | D:5      | Found a transporter.
  4446 | D:5      | Reached XP level 9. HP: 56/82 MP: 8/8
  4670 | D:5      | Found a burning altar of Makhleb.
  4799 | D:5      | Found a hazy altar of Hepliaklqana.
  4811 | D:5      | Found a sacrificial altar of Ru.
  4829 | D:5      | Found a stormy altar of Qazlal.
  4833 | D:5      | Reached skill level 9 in Fighting
  5166 | D:5      | Found a white marble altar of Elyvilon.
  5301 | D:5      | Killed Alannah's ghost
  6183 | D:6      | Reached skill level 10 in Fighting
  6408 | D:6      | HP: 2/85 [orc warrior/+0 hand axe (9)]
  6409 | D:6      | Slain by an orc warrior

Illustrated notes

Levels and vault maps discovered:
D:1:      minmay_arrival_doors, layout_basic
D:2:      layout_loops_ring, hangedman_feature_mirror
D:3:      layout_loops_ring, gammafunk_ghost_mausoleum
D:4:      layout_basic, nicolae_overflow_crystal_walls,
          nicolae_ossuary_entry_catacombs, first_ration,
          cheibrodos_ashenzari_chains
D:5:      layout_basic, kennysheep_slug_shrine, marbit_many_paths,
          nicolae_qazlal_general_emergency, nicolae_overflow_quartered_altars,
          gammafunk_ghost_smash
D:6:      layout_basic

Skill      XL: |  1  2  3  4  5  6  7  8  9 |
---------------+----------------------------+-----
Long Blades    | 4 5 6 7 8 |  8.2
Fighting       | 4 5 6 7 8 10 | 10.1
Armour         | 3 4 6 |  6.9
Dodging        | 3 4 5 7 8 |  8.8
Stealth        | |  0.1

Action                   |  1- 3 |  4- 6 |  7- 9 || total
-------------------------+-------+-------+-------++-------
Melee: Falchion          |    77 |    20 |       ||    97
       Headbutt          |    10 |     6 |    59 ||    75
       Scimitar          |       |    21 |   242 ||   263
Invok: Berserk           |       |     1 |       ||     1
       Trog's Hand       |       |       |     1 ||     1
  Use: Scroll            |       |     2 |       ||     2
  Eat: Chunk             |     2 |     4 |    13 ||    19
Armor: Animal skin       |     8 |       |       ||     8
       Scale mail        |     9 |     6 |    83 ||    98
Dodge: Dodged            |    50 |    32 |   143 ||   225
       Rpst.: Falchion   |    12 |     4 |       ||    16
       Scimitar          |       |     6 |    47 ||    53
